 Dungeon Crawl Stone Soup version 0.24-a0-584-g9d6b971 (webtiles) character file.

Game seed: 12933193493178161479, levelgen mode: deterministic

44 DocClef the Skirmisher (level 3, 0/31 HPs)
             Began as a Demonspawn Fighter on Sept 2, 2019.
             Slain by a bat (1 damage)
             ... on level 2 of the Dungeon.
             The game lasted 00:01:33 (1166 turns).

DocClef the Skirmisher (Demonspawn Fighter)         Turns: 1166, Time: 00:01:33

Health: 0/31       AC:  8    Str: 17    XL:     3   Next: 39%
Magic:  3/3        EV:  6    Int:  9    God:
Gold:   34         SH:  8    Dex: 12    Spells: 2/2 levels left

rFire    . . .     SeeInvis .   a - +0 long sword
rCold    . . .     Gourm    .   c - +0 shield
rNeg     . . .     Faith    .   b - +0 scale mail
rPois    .         Spirit   .   (no helmet)
rElec    .         Reflect  .   (no cloak)
rCorr    .         Harm     .   (no gloves)
MR       .....                  (no boots)
Stlth    ..........             (no amulet)
HPRegen  0.10/turn              (no ring)
MPRegen  0.08/turn              (no ring)

@: lethally poisoned (0 -> -4)
A: slimy green scales 1
a: no special abilities


You were on level 2 of the Dungeon.
You were hungry.

You visited 1 branch of the dungeon, and saw 2 of its levels.

You collected 34 gold pieces.

Inventory:

Hand Weapons
 a - a +0 long sword (weapon)
Armour
 b - a +0 scale mail (worn)
 c - a +0 shield (worn)
Scrolls
 e - a scroll of magic mapping {unknown}
 h - a scroll of enchant weapon {unknown}
 i - a scroll of enchant armour {unknown}
 j - a scroll of identify {unknown}
Potions
 d - a potion of might
 g - a potion of agility {unknown}
 k - a potion of flight {unknown}
Comestibles
 f - a ration


   Skills:
 + Level 4.5 Fighting
 - Level 1.7 Long Blades
 - Level 2.6 Armour
 - Level 2.6 Shields


You had 2 spell levels left.
You didn't know any spells.
Your spell library was empty.

Dungeon Overview and Level Annotations

Branches:
Dungeon (2/15)

Altars:


Innate Abilities, Weirdness & Mutations

You are partially covered in slimy green scales. (AC +2)


Message History

The hobgoblin hits you but does no damage.
The hobgoblin hits you but does no damage.
The adder bites you.
You are more poisoned.
The adder poisons you!
You feel sick.
You feel sick.
You feel sick. The adder bites you.
* * * LOW HITPOINT WARNING * * *
* * * LOW HITPOINT WARNING * * *
You feel sick.
* * * LOW HITPOINT WARNING * * *
You feel sick. The bat hits you but does no damage. You block the bat's attack.
* * * LOW HITPOINT WARNING * * *
You feel sick. The bat hits you.
* * * LOW HITPOINT WARNING * * *
The bat hits you.
You die...

#.#.. #.#..
################.#.#
#..........<.......#
#....###########.#.#
#............###.#.#
#.....######.#...#.#
###.#..## #.###.#.#
#@#...####.#.#(#.#
#b#........#.....#
#S#.8..#..##.#.#..
#.g...###......#.#
######..8..# #..#.###
# #..........+ #.>#.#
# #.....g.8..# #....#
.#.######.....###.####
............8..#..#


You could see an adder, a hobgoblin, a goblin and a bat.

Vanquished Creatures
  A gnoll (D:1)
  An adder (D:2)
  2 ball pythons (D:1)
  4 bats (D:1)
  3 hobgoblins (D:1)
  6 kobolds (D:1)
  3 frilled lizards (D:1)
  3 goblins (D:1)
  2 rats (D:1)
25 creatures vanquished.

Notes
Turn   | Place    | Note
-------+----------+-------------------------------------------
     0 | D:1      | DocClef the Demonspawn Fighter began the quest for the Orb.
     0 | D:1      | Reached XP level 1. HP: 18/18 MP: 1/1
   359 | D:1      | Gained mutation: You are partially covered in slimy green
                  | scales. (AC +2) [demonic ancestry]
   359 | D:1      | Reached XP level 2. HP: 24/24 MP: 2/2
   660 | D:1      | Reached skill level 4 in Fighting
   673 | D:1      | Reached XP level 3. HP: 29/30 MP: 3/3
  1166 | D:2      | HP: 1/31 [bat (1)]
  1166 | D:2      | Slain by a bat

Levels and vault maps discovered:
D:1:      scummos_arrival_gate, layout_basic
D:2:      layout_basic, zin_statuary,
          chequers_temple_overflow_statue_of_worship, uniq_sigmund

Skill      XL: |  1  2 |
---------------+-------+-----
Fighting       | 4 |  4.5
Long Blades    | |  1.7
Armour         | |  2.6
Shields        | |  2.6

Action                   || total
-------------------------++-------
Melee: Long sword        ||    93
Armor: Scale mail        ||    50
Dodge: Dodged            ||    26
Block: Shield            ||    56
       Rpst.: Long sword ||    10

Table legend:
 A = Non-vault XP
 B = Vault XP
 C = Vault XP percentage of total XP
 D = Non-vault monster count
 E = Vault monster count
 F = Vault count percentage of total count
                 A         B        C        D         E       F
            +---------+---------+-------+---------+---------+-------
      Total |      63 |       0 |   0.0 |      25 |       0 |   0.0
            +---------+---------+-------+---------+---------+-------
        D:1 |      50 |       0 |   0.0 |      24 |       0 |   0.0
        D:2 |      13 |       0 |   0.0 |       1 |       0 |   0.0
            +---------+---------+-------+---------+---------+-------
